 Dungeon Crawl Stone Soup version 0.18.1-48-g4cf74bf (webtiles) character file.

5956 sdOOK the Nimble (level 10, -1/100 HPs)
             Began as a Troll Berserker on Sept 3, 2016.
             Was a High Priest of Trog.
             Asphyxiated
             ... on level 10 of the Dungeon.
             The game lasted 00:46:05 (7165 turns).

sdOOK the Nimble (Troll Berserker)                  Turns: 7165, Time: 00:46:05

Health: -1/100     AC: 12    Str: 30    XL:     10   Next: 54%
Magic:  10/10      EV: 15    Int:  1    God:    Trog [*****.]
Gold:   291        SH:  0    Dex:  9    Spells: 0 memorised, 9 levels left

rFire  . . .     SeeInvis .       - Unarmed
rCold  . . .     Gourm    +     l - +2 robe
rNeg   . . .     Faith    .     (no shield)
rPois  .         Spirit   .     (helmet restricted)
rElec  .         Dismiss  .     z - +2 cloak
rCorr  .         Reflect  .     (gloves unavailable)
SustAt .         Harm     .     (boots unavailable)
MR     +....                    (no amulet)
Stlth  ++........               (no ring)
                                J - ring of protection from magic

@: lethally poisoned (-1 -> -2), exhausted, very slightly contaminated, slowed,
studying Dodging, very slow, somewhat resistant to hostile enchantments,
unstealthy
A: unfitting armour, claws 3, repulsion field 1, yellow scales 1, dopey 1, fast
metabolism 3, gourmand, regeneration 2, shaggy fur 1, tough skin 2
a: Berserk, Trog's Hand, Brothers in Arms, Burn Spellbooks, Renounce Religion


You were on level 10 of the Dungeon.
You worshipped Trog.
Trog was extremely pleased with you.
You were not hungry.

You visited 1 branch of the dungeon, and saw 10 of its levels.

You collected 443 gold pieces.
You spent 152 gold pieces at shops.

Inventory:

Hand Weapons
 c - a +2 dagger of electrocution
 f - a +0 hunting sling
 o - a +1 whip of flaming
 q - a +0 hand crossbow
 y - a +3 quarterstaff of chaos
Missiles
 g - 360 stones
 p - a throwing net
 F - 6 steel javelins (quivered)
Armour
 e - a +0 animal skin
 h - a +1 pair of boots
 l - a +2 robe (worn)
 z - a +2 cloak (worn)
Jewellery
 J - a ring of protection from magic (left claw)
Wands
 a - a wand of random effects (33/48)
 k - a wand of polymorph (7/24)
 n - a wand of disintegration (9/24)
 A - a wand of lightning (10/15)
 B - a wand of lightning (0/15)
 I - a wand of flame (24/48)
Scrolls
 t - 4 scrolls of remove curse
 u - 4 scrolls of teleportation
 w - 2 scrolls of magic mapping
Potions
 r - a potion of cancellation
 s - a potion of berserk rage
 x - a potion of cure mutation
 C - 3 potions of flight
 D - a potion of ambrosia
Books
 d - a manual of Dodging
Comestibles
 b - 6 bread rations
 i - 2 meat rations
 m - 6 fruits
 v - 3 beef jerkies
 E - a slice of pizza


   Skills:
 + Level 6.8 Fighting
 + Level 1.4 Throwing
 + Level 10.1 Dodging
 + Level 2.8 Stealth
 + Level 8.7 Unarmed Combat
 + Level 1.6 Evocations


You had 9 spell levels left.
You didn't know any spells.

Dungeon Overview and Level Annotations

Branches:
Dungeon (10/15)            Temple (0/1) D:4            Lair (0/8) D:10
    Orc: D:9-12

Altars:
Cheibriados
Dithmenos
Kikubaaqudgha
Makhleb
Nemelex Xobeh
Qazlal
Ru
Xom
Yredelemnul
Zin
The Shining One

Shops:
D:6 ?   D:7 %

Annotations:
D:6 1 runed door
D:10 Sonja


Innate Abilities, Weirdness & Mutations

You are too large for most types of armour.
You have claws for hands.
Your metabolism is lightning-fast.
You like to eat raw meat.
You heal very quickly.
You are covered in fur (AC +1).
You have very tough skin (AC +2).
You are surrounded by a mild repulsion field (EV +2).
You are partially covered in yellow scales (AC +2).
You are dopey. (Int -2)


Message History

You can't see that place. [the floor.] Sorry, you can't target what you can't see.
Okay, then.
Read which item? (? for menu, Esc to quit)
Blink to where?
Press: ? - help, Dir - move target cursor
As you read the scroll of blinking, it crumbles to dust.
You feel sick.
You are no longer poisoned.
Sonja gestures wildly while chanting.
Sonja blinks!
Sonja casts a spell.
Sonja blinks!
Sonja unwields an uncursed dagger of distortion.
Its appearance distorts for a moment.
Sonja wields an uncursed blowgun.
Sonja shoots a curare-tipped needle.
The curare-tipped needle hits you.
You are poisoned.
You have difficulty breathing.
You die...

#..# ####...........
#.## ##..........#
##.# #K....>.....#
...# #..........)###
.### #...P....Z.§)(##
.# ##.#.......##...#
.######
###..#.......##...#
......###..K.##.....#
##(.#
..........##o###@..##
###
)......#####.†....##
......## ########
....|.# #######


You could see Sonja and a centaur zombie.

Vanquished Creatures
  A hill giant (D:10)
  The ghost of glosham the Ruffian, an amateur TrAK of Lugonu (D:10)
  A two-headed ogre (D:9)
  A wyvern (D:9)
  The ghost of sdOOK the Stinger, an amateur NaVM of Gozag (D:4)
  2 hungry ghosts (D:8)
  Menkaure (D:7)
  2 wargs (D:10)
  An ice beast (D:10)
  4 orc warriors
  2 phantoms
  A sky beast (D:5)
  2 ogres
  4 centaurs
  2 big kobolds
  Blork the orc (D:4)
  5 giant frogs
  5 scorpions
  11 killer bees (D:8)
  4 howler monkeys
  2 crimson imps
  A quasit (D:9)
  3 hounds
  Crazy Yiuf (D:5)
  A centaur skeleton (D:8)
  7 orc priests
  2 giant frog skeletons
  Jessica (D:2)
  14 orc wizards
  Natasha (D:2)
  3 worker ants
  2 hound zombies
  A hound skeleton (D:5)
  Robin (D:2)
  A howler monkey skeleton (D:7)
  13 adders
  A shadow imp (D:8)
  2 oozes
  2 adder skeletons
  4 worms (D:2)
  2 dart slugs
  8 giant geckos
  50 orcs
  3 giant cockroaches
  15 goblins
  11 hobgoblins
  15 jackals
  16 kobolds
  A quokka (D:2)
  A ball python (D:8)
  3 bats
  A giant gecko zombie (D:5)
  7 giant newts
  A quokka skeleton (D:3)
  8 rats
257 creatures vanquished.

Vanquished Creatures (collateral kills)
  An orc warrior (D:8)
  An ogre (D:9)
  A centaur zombie (D:9)
  A hound (D:9)
  An orc priest (D:8)
  An orc (D:9)
6 creatures vanquished.

Grand Total: 263 creatures vanquished

Notes
Turn   | Place    | Note
--------------------------------------------------------------
     0 | D:1      | sdOOK the Troll Berserker began the quest for the Orb.
     0 | D:1      | Reached XP level 1. HP: 22/22 MP: 0/0
   176 | D:1      | Reached XP level 2. HP: 29/29 MP: 1/1
   495 | D:2      | Noticed Robin
   514 | D:2      | Reached ** piety under Trog
   514 | D:2      | Reached XP level 3. HP: 24/36 MP: 2/2
   546 | D:2      | Reached skill level 3 in Dodging
   558 | D:2      | Killed Robin
   811 | D:2      | Reached XP level 4. HP: 41/44 MP: 3/3
  1095 | D:2      | Noticed Natasha
  1100 | D:2      | Noticed Jessica
  1101 | D:2      | Killed Natasha
  1121 | D:2      | Killed Jessica
  1121 | D:2      | Reached XP level 5. HP: 41/53 MP: 4/4
  1448 | D:2      | Found a glowing golden altar of the Shining One.
  1969 | D:3      | Reached skill level 4 in Dodging
  1972 | D:3      | Reached *** piety under Trog
  2160 | D:3      | Found a stormy altar of Qazlal.
  2358 | D:3      | Reached XP level 6. HP: 61/61 MP: 5/5
  2635 | D:4      | Noticed Blork the orc
  2648 | D:4      | Killed Blork the orc
  2649 | D:4      | Noticed sdOOK's ghost (amateur NaVM)
  2670 | D:4      | Killed sdOOK's ghost
  2720 | D:4      | Reached XP level 7. HP: 49/70 MP: 6/6
  2737 | D:4      | Reached skill level 1 in Stealth
  2817 | D:4      | Found an ancient bone altar of Kikubaaqudgha.
  2924 | D:4      | Found a staircase to the Ecumenical Temple.
  3055 | D:5      | Entered Level 5 of the Dungeon
  3059 | D:5      | Reached skill level 5 in Unarmed Combat
  3077 | D:5      | Reached skill level 5 in Dodging
  3083 | D:5      | Gained mutation: You are partially covered in yellow scales (AC +2). [mutagenic meat]
  3674 | D:5      | Noticed Crazy Yiuf
  3682 | D:5      | Killed Crazy Yiuf
  3761 | D:6      | Found a glowing golden altar of the Shining One.
  3761 | D:6      | Found a runed door.
  3761 | D:6      | Noticed an angel
  3770 | D:6      | Reached XP level 8. HP: 69/79 MP: 7/7
  3842 | D:6      | Reached **** piety under Trog
  3971 | D:6      | Found Nuxeqoomm's Magic Scroll Shoppe.
  4081 | D:6      | Bought a scroll of identify for 26 gold pieces
  4081 | D:6      | Bought a scroll of identify for 26 gold pieces
  4141 | D:6      | Reached skill level 5 in Fighting
  4141 | D:6      | Reached skill level 6 in Dodging
  4616 | D:7      | Reached XP level 9. HP: 50/88 MP: 8/8
  4767 | D:7      | Noticed Menkaure
  4774 | D:7      | Killed Menkaure
  4817 | D:7      | Found Nitida's Food Emporium.
  4825 | D:7      | Bought a bread ration for 50 gold pieces
  4825 | D:7      | Bought a bread ration for 50 gold pieces
  4872 | D:7      | Found a shimmering altar of Xom.
  4873 | D:7      | Found a burning altar of Makhleb.
  5161 | D:8      | Found a shadowy altar of Dithmenos.
  5257 | D:8      | Reached skill level 7 in Dodging
  5289 | D:8      | Found a basalt altar of Yredelemnul.
  5478 | D:8      | Gained mutation: You are surrounded by a mild repulsion field (EV +2). [potion of mutation]
  5478 | D:8      | Gained mutation: You are dopey. (Int -2) [potion of mutation]
  5564 | D:8      | Reached skill level 1 in Evocations
  5748 | D:8      | Reached ***** piety under Trog
  5921 | D:8      | Reached skill level 8 in Dodging
  6267 | D:9      | Received a gift from Trog
  6392 | D:9      | Reached XP level 10. HP: 98/98 MP: 9/9
  6478 | D:9      | Reached skill level 9 in Dodging
  6618 | D:9      | Reached skill level 1 in Throwing
  6716 | D:9      | Found a basalt altar of Yredelemnul.
  6717 | D:9      | Found a glowing silver altar of Zin.
  6717 | D:9      | Found a snail-covered altar of Cheibriados.
  6717 | D:9      | Found a sparkling altar of Nemelex Xobeh.
  6723 | D:9      | Found a stormy altar of Qazlal.
  6723 | D:9      | Found a sacrificial altar of Ru.
  6985 | D:10     | Entered Level 10 of the Dungeon
  7024 | D:10     | Noticed glosham's ghost (amateur TrAK)
  7035 | D:10     | Killed glosham's ghost
  7072 | D:10     | Noticed a hill giant
  7087 | D:10     | Killed a hill giant
  7118 | D:10     | Found a staircase to the Lair.
  7127 | D:10     | Noticed Sonja
  7139 | D:10     | Reached skill level 10 in Dodging
  7163 | D:10     | HP: 2/100 [Sonja/uncursed dagger of distortion (17)]
  7165 | D:10     | Asphyxiated

Skill      XL: |  1  2  3  4  5  6  7  8  9 10 |
---------------+-------------------------------+-----
Dodging        | 3 4 5 6 8 10 | 10.1
Fighting       | 3 4 5 6 |  6.8
Unarmed Combat | 4 5 7 8 |  8.7
Stealth        | 1 2 |  2.8
Evocations     | 1 |  1.6
Throwing       | 1 |  1.4

Action                   |  1- 3 |  4- 6 |  7- 9 | 10-12 || total
-------------------------+-------+-------+-------+-------++-------
Melee: Unarmed           |   102 |   134 |   329 |    97 ||   662
       Punch             |       |     3 |    10 |     2 ||    15
Throw: Javelin           |       |       |     7 |       ||     7
Invok: Berserk           |     3 |     3 |    11 |     2 ||    19
       Trog's Hand       |     1 |     2 |     6 |       ||     9
       Brothers in Arms  |       |       |     3 |     1 ||     4
Evoke: Wand              |       |     5 |    13 |     2 ||    20
  Use: Scroll            |     4 |     3 |    13 |     4 ||    24
       Potion            |     2 |     1 |     6 |       ||     9
 Stab: Sleeping          |       |     1 |     3 |       ||     4
  Eat: Chunk             |    16 |    21 |    61 |     6 ||   104
Armor: Animal skin       |    38 |     2 |       |       ||    40
       Robe              |       |    38 |   149 |    28 ||   215
       Skin              |       |       |    17 |       ||    17
Dodge: Dodged            |    68 |    70 |   211 |    52 ||   401
